 Dungeon Crawl Stone Soup version 0.29-a0-1052-g6990b1bffc (webtiles) character file.

Game seed: 17435406840514769246

12224 funkygono the Thaumaturge (level 11, -2/55 HPs)
             Began as a Deep Elf Air Elementalist on Aug 17, 2022.
             Was a Priest of Vehumet.
             Succumbed to a green ugly thing's poison
             ... on level 10 of the Dungeon.
             The game lasted 00:26:22 (14524 turns).

funkygono the Thaumaturge (DEAE)                   Turns: 14524, Time: 00:26:23

Health: -2/55      AC:  7    Str:  5    XL:     11   Next: 59%
Magic:  14/31      EV: 14    Int: 28    God:    Vehumet [***...]
Gold:   314        SH:  0    Dex: 15    Spells: 13/38 levels left

rFire   + . .      SeeInvis .   f - +2 rapier (protect)
rCold   + . .      Faith    .   (no shield)
rNeg    . . .      Spirit   .   C - +1 steam dragon scales
rPois   .          Reflect  .   H - +0 helmet {Int+3}
rElec   .          Harm     .   q - scarf {rC+ rF+}
rCorr   +          Rampage  .   (no gloves)
Will    +....                   (no boots)
Stlth   +++.......              (no amulet)
HPRegen 0.18/turn               h - ring of resist corrosion
MPRegen 0.22/turn               (no ring)

@: lethally poisoned (-2 -> -38)
A: no striking features
a: Renounce Religion


You were on level 10 of the Dungeon.
You worshipped Vehumet.
Vehumet was most pleased with you.
You visited 2 branches of the dungeon, and saw 11 of its levels.
You also visited: Bailey.

You collected 842 gold pieces.
You spent 528 gold pieces at shops.

Inventory:

Hand Weapons
 e - a +3 dagger of venom
 f - a +2 rapier of protection (weapon)
 n - a +3 dagger of freezing
 v - the +10 mace of Emob {drain, Dex+4}
   (You found it on level 5 of the Dungeon)

   A truly terrible weapon, it drains the life of any living foe it strikes.
   Dex:       It affects your dexterity (+4).
Missiles
 a - a throwing net
Armour
 p - a scarf of harm
 q - a scarf of resistance (worn)
 B - an orb of energy
 C - +1 steam dragon scales (worn)
 E - the +4 ring mail "Qaral" {Harm Int+4}
   (You found it in a bailey)

   Int:       It affects your intelligence (+4).
   Harm:      It increases damage dealt and taken.
 H - a +0 helmet of intelligence (worn)
 K - the +0 chain mail "Ekhliemua" {rN+ Int+2}
   (You found it on level 10 of the Dungeon)

   Int:       It affects your intelligence (+2).
   rN:        It protects you from negative energy.
Magical Staves
 t - a staff of cold
 w - a staff of poison
Jewellery
 h - a ring of resist corrosion (left hand)
 l - an amulet of faith
 L - a ring of magical power
Wands
 u - a wand of iceblast (24)
 y - a wand of mindburst (13)
 G - a wand of digging (2)
 J - a wand of paralysis (3)
Scrolls
 d - 7 scrolls of identify
 g - 7 scrolls of teleportation
 j - a scroll of silence
 s - 2 scrolls of amnesia
 D - a scroll of blinking
 M - a scroll of enchant weapon
Potions
 b - a potion of magic
 c - 2 potions of heal wounds
 i - 5 potions of lignification
 k - 3 potions of curing
 m - a potion of might
 o - 8 potions of brilliance
 r - 3 potions of flight
 x - 4 potions of mutation
 z - a potion of berserk rage
 A - a potion of cancellation
 I - a potion of resistance
 N - 2 potions of attraction {unknown}
Miscellaneous
 F - a piece from Xom's chessboard (15/15)


   Skills:
 + Level 0.8 Fighting
 + Level 2.6 Short Blades
 + Level 4.5 Dodging
 + Level 4.6 Stealth
 + Level 14.4 Spellcasting
 + Level 9.1 Conjurations
 * Level 3.7 Fire Magic
 + Level 10.5 Air Magic
 + Level 4.3 Earth Magic


You had 13 spell levels left.
You knew the following spells:

 Your Spells              Type           Power      Damage    Failure   Level
a - Shock                 Conj/Air       100%       1d9       1%          1
b - Static Discharge      Conj/Air       66%        3-12/arc  1%          2
c - Swiftness             Air            68%        N/A       1%          3
d - Airstrike             Air            34%        2d(5-21)  1%          4
e - Sandblast             Erth           88%        2d18      1%          1
f - Stone Arrow           Conj/Erth      100%       3d13      1%          3
g - Lightning Bolt        Conj/Air       33%        1d50      1%          5
h - Fireball              Conj/Fire      27%        3d12      1%          5
i - Magic Dart            Conj           100%       1d8       1%          1

Your spell library contained the following spells:

 Spells                   Type           Power      Damage    Failure   Level
 Frozen Ramparts          Ice            40%        1d7       2%          3
 Passwall                 Tmut/Erth      26%        N/A       1%          2
 Poisonous Vapours        Pois/Air       98%        N/A       1%          2
 Summon Small Mammal      Summ           80%        N/A       2%          1
 Summon Lightning Spire   Summ/Air       49%        N/A       3%          4
 Corpse Rot               Necr/Pois/Air  39%        N/A       6%          4
 Call Canine Familiar     Summ           20%        N/A       8%          3
 Summon Guardian Golem    Hex/Summ       20%        N/A       8%          3
 Starburst                Conj/Fire      27%        6d9       8%          6
 Summon Ice Beast         Ice/Summ       20%        N/A       26%         4
 Summon Mana Viper        Hex/Summ       20%        N/A       56%         5
 Monstrous Menagerie      Summ           10%        N/A       100%        7
 Ignition                 Fire           20%        3d7       100%        8


Dungeon Overview and Level Annotations

Branches:
Dungeon (10/15)            Temple (1/1) D:6            Lair (0/5) D:10
 Bailey (visited)
    Orc: D:9-12

Altars:
Ashenzari
Cheibriados
Dithmenos
Elyvilon
Fedhas
Gozag
Hepliaklqana
Kikubaaqudgha
Makhleb
Nemelex Xobeh
Okawaru
Qazlal
Ru
Sif Muna
Trog
Uskayaw
Vehumet
Wu Jian
Xom
Yredelemnul
Zin
The Shining One

Shops:
D:9 :


Message History

The bolt of lightning hits the green ugly thing!!
The green ugly thing is moderately wounded.
The bolt of lightning hits the orc warrior!!
You kill the orc warrior!
Vehumet accepts your kill.
Vehumet offers you knowledge of Frozen Ramparts.
You hear an angry hiss.
You hear two shouts!
The green ugly thing gores you!
Casting: Lightning Bolt (dangerous; 1% risk of failure)
Confirm with . or Enter, or press ? or * to list all spells.
The green ugly thing is struck by an arc of lightning!
The green ugly thing is heavily wounded.
You are struck by an arc of lightning.
The green ugly thing is struck by an arc of lightning.
The green ugly thing is heavily wounded.
You are struck by an arc of lightning.
The green ugly thing is struck by an arc of lightning!
The green ugly thing is severely wounded.
You are struck by an arc of lightning.
* * * LOW HITPOINT WARNING * * *
The lightning grounds out.
The green ugly thing gores you.
* * * LOW HITPOINT WARNING * * *
You are lethally poisoned!
The green ugly thing poisons you!
A rakshasa comes into view. It is wielding a +0 long sword.
Casting: Static Discharge (safe; 1% risk of failure)
Confirm with . or Enter, or press ? or * to list all spells.
Okay, then.
You feel much better.
You feel extremely sick. The green ugly thing gores you!
* * * LOW HITPOINT WARNING * * *
Casting: Static Discharge (safe; 1% risk of failure)
Confirm with . or Enter, or press ? or * to list all spells.
The green ugly thing is struck by an arc of lightning!
The green ugly thing is almost dead.
You are struck by an arc of lightning.
* * * LOW HITPOINT WARNING * * *
The lightning grounds out.
You die...

#+########## #..
#.##.###.... ...
#.##['......
#+###.####.##.##8....
#...#.#....##.'......
#..?#.#.8..##)#......
#.. #.#....##.'......
#'###.####.##.##8....
#))u@....#.##('......
#'###....#.##.###....
#.) #....#+##########
#...#..###.#8###8###8
#.?.#.R'.....'.......
#####.######8###8###8
+.# ### ### ## ###


You could see a green ugly thing and a rakshasa.

Vanquished Creatures
  A two-headed ogre (D:10)
  A catoblepas (D:10)
  An orc knight (D:10)
  An ugly thing (D:9)
  A gargoyle (D:10)
  5 kobold demonologists (D:10)
  A hornet (D:9)
  2 trolls (D:10)
  A shadow (D:10)
  Sigmund (D:2)
  3 wyverns
  A vampire (D:7)
  15 yaks
  3 steam dragons
  A water moccasin (D:7)
  5 orc warriors
  A black bear (D:6)
  A centaur (D:8)
  2 ogres
  2 phantoms (D:5)
  12 kobold brigands
  A bullfrog (D:6)
  2 necrophages
  2 gnoll sergeants
  6 scorpions
  5 wights (D:8)
  17 killer bees
  A howler monkey (D:9)
  2 electric eels (D:8)
  2 hounds
  4 jellies
  A gnoll bouda (D:9)
  4 orc priests
  Jessica (D:3)
  2 iguanas
  Natasha (thrice) (D:3)
  4 orc wizards
  3 adders
  14 gnolls
  A shadow imp (D:5)
  4 white imps
  3 worms
  A dart slug (D:1)
  12 orcs
  12 ball pythons
  5 bats
  2 endoplasms
  2 giant cockroaches
  6 goblins
  10 hobgoblins
  4 jackals (D:3)
  35 kobolds
  2 quokkas (D:1)
  3 frilled lizards (D:1)
  15 rats
252 creatures vanquished.

Vanquished Creatures (others)
  15 plants
15 creatures vanquished.

Grand Total: 267 creatures vanquished

Notes
Turn   | Place    | Note
-------+----------+-------------------------------------------
     0 | D:1      | funkygono the Deep Elf Air Elementalist began the quest for
                  | the Orb.
     0 | D:1      | Reached XP level 1. HP: 10/10 MP: 6/6
   292 | D:1      | Reached XP level 2. HP: 15/15 MP: 1/8
   420 | D:1      | Learned a level 2 spell: Static Discharge
   858 | D:1      | Reached XP level 3. HP: 19/19 MP: 3/9
  1396 | D:1      | Found a faded altar of an unknown god.
  1787 | D:2      | Noticed Sigmund
  2160 | D:2      | Learned a level 3 spell: Swiftness
  2986 | D:2      | Killed Sigmund
  2987 | D:2      | Reached skill level 4 in Spellcasting
  2987 | D:2      | Reached XP level 4. HP: 20/24 MP: 5/12
  2987 | D:2      | Reached XP level 5. HP: 23/28 MP: 5/14
  2993 | D:2      | Learned a level 4 spell: Airstrike
  2995 | D:2      | Learned a level 1 spell: Sandblast
  3183 | D:3      | Noticed Jessica
  3188 | D:3      | Killed Jessica
  3190 | D:3      | Reached skill level 5 in Spellcasting
  3190 | D:3      | Reached XP level 6. HP: 29/32 MP: 7/15
  3688 | D:3      | Noticed Natasha
  3693 | D:3      | Killed Natasha
  4235 | D:3      | Noticed Natasha
  4241 | D:3      | Killed Natasha
  5087 | D:3      | Noticed Natasha
  5091 | D:3      | Killed Natasha
  5092 | D:3      | Reached skill level 6 in Spellcasting
  5126 | D:3      | Learned a level 3 spell: Stone Arrow
  5593 | D:4      | Reached skill level 1 in Earth Magic
  5593 | D:4      | Reached XP level 7. HP: 31/36 MP: 14/18
  6041 | D:5      | Entered Level 5 of the Dungeon
  6136 | D:5      | Identified the +10 mace of Emob {drain, Dex+4}
  6212 | D:5      | Reached skill level 5 in Air Magic
  6217 | D:5      | Reached skill level 7 in Spellcasting
  6412 | D:5      | Reached skill level 5 in Conjurations
  6419 | D:5      | Reached XP level 8. HP: 36/41 MP: 6/20
  6530 | D:5      | Found a glowing golden altar of the Shining One.
  6767 | D:5      | Identified the +1 ring mail of the Swamp {*Slow rC+++ rCorr
                  | Stlth+}
  7121 | D:6      | Found a staircase to the Ecumenical Temple.
  7173 | Temple   | Entered the Ecumenical Temple
  7211 | Temple   | Became a worshipper of Vehumet
  7453 | D:6      | Reached skill level 8 in Spellcasting
  8031 | D:7      | HP: 1/41 [something (15)]
  8364 | D:7      | Reached skill level 9 in Spellcasting
  8364 | D:7      | Reached XP level 9. HP: 8/45 MP: 0/24
  9390 | D:7      | Learned a level 5 spell: Lightning Bolt
  9414 | D:8      | Reached skill level 10 in Spellcasting
  9853 | D:8      | Found a flagged portal.
  9863 | Bailey   | Entered a bailey
  9880 | Bailey   | Reached * piety under Vehumet
  9880 | Bailey   | Offered knowledge of Foxfire by Vehumet.
 10215 | Bailey   | Reached skill level 11 in Spellcasting
 10242 | Bailey   | Reached XP level 10. HP: 23/51 MP: 2/27
 10246 | Bailey   | HP: 1/51 [kobold brigand/+0 war axe (10)]
 10251 | Bailey   | Reached skill level 1 in Short Blades
 10536 | Bailey   | Identified the +4 ring mail "Qaral" {Harm Int+4}
 10549 | Bailey   | Found an iron altar of Okawaru.
 11425 | D:9      | Reached ** piety under Vehumet
 11608 | D:9      | Noticed a brown ugly thing
 11613 | D:9      | Killed a brown ugly thing
 11614 | D:9      | Reached skill level 12 in Spellcasting
 11617 | D:9      | Offered knowledge of Magic Dart by Vehumet.
 12210 | D:9      | Reached skill level 13 in Spellcasting
 12365 | D:9      | Found Hyreop's Book Shoppe.
 12371 | D:9      | Bought a book of Fire for 528 gold pieces
 12377 | D:9      | Learned a level 5 spell: Fireball
 12516 | D:9      | Learned a level 1 spell: Magic Dart
 12558 | D:10     | Entered Level 10 of the Dungeon
 12558 | D:10     | Noticed a two-headed ogre
 12711 | D:10     | Offered knowledge of Inner Flame by Vehumet.
 12785 | D:10     | Found a staircase to the Lair.
 12850 | D:10     | Reached skill level 1 in Fire Magic
 12850 | D:10     | Reached XP level 11. HP: 27/55 MP: 16/30
 12957 | D:10     | Killed a two-headed ogre
 13097 | D:10     | Noticed a catoblepas
 13109 | D:10     | Killed a catoblepas
 13110 | D:10     | Reached skill level 10 in Air Magic
 13113 | D:10     | Noticed a sun demon
 13344 | D:10     | Found a shimmering blue altar of Sif Muna.
 13362 | D:10     | Reached *** piety under Vehumet
 13509 | D:10     | Noticed a sun demon
 13851 | D:10     | Reached skill level 14 in Spellcasting
 14198 | D:10     | Noticed an orc knight
 14203 | D:10     | Killed an orc knight
 14448 | D:10     | Identified the +0 chain mail "Ekhliemua" {rN+ Int+2}
 14518 | D:10     | Noticed a green ugly thing
 14521 | D:10     | Offered knowledge of Frozen Ramparts by Vehumet.
 14522 | D:10     | Noticed a rakshasa
 14524 | D:10     | Succumbed to a green ugly thing's poison

Illustrated notes

Levels and vault maps discovered:
D:1:      elethiomel_arrival_diamonds, layout_basic, basic_ecumenical_altar,
          minmay_domino_4
D:2:      layout_loops_ring, uniq_sigmund
D:3:      layout_loops_ring, uniq_natasha, uniq_jessica
D:4:      cheibrodos_old_hovel, layout_cave_pools, serial_co_window_serial,
          co_window_corner_a, co_window_paths_a, co_window_cross_1,
          co_window_of_opportunity_a, co_window_paths_b,
          co_window_of_opportunity_c, co_window_cross_3, co_window_cross_2,
          co_window_2corner, co_window_corner_b, co_window_paths_c,
          co_window_corner_b, glass_columns_b, glass_columns_b, glass_columns_a,
          glass_columns_a, glass_columns_a
D:5:      layout_rooms, mainiacjoe_overflow_tiny_flanked
D:6:      layout_rooms, minmay_temple_entry_statues_fountains
D:7:      layout_loops_ring, serial_bayou_crossing
D:8:      layout_basic, enter_bailey_2, minivault_14
D:9:      layout_roguey, serial_shops, shop
D:10:     wad_statue_garden, layout_small_grid, mainiacjoe_overflow_paths,
          lair_entry_dummy, nicolae_sextant
Temple:   nicolae_temple_bog_church

Skill      XL: |  1  2  3  4  5  6  7  8  9 10 11 |
---------------+----------------------------------+-----
Stealth        | 3 4 |  4.6
Conjurations   | 3 4 5 6 7 8 9 |  9.1
Spellcasting   | 4 5 6 7 9 11 13 14 | 14.4
Air Magic      | 4 5 6 8 9 10 | 10.5
Dodging        | 3 4 |  4.5
Earth Magic    | 1 3 4 |  4.3
Short Blades   | 2 |  2.6
Fire Magic     | 1 3 |  3.7
Fighting       | |  0.8

Action                   |  1- 3 |  4- 6 |  7- 9 | 10-12 || total
-------------------------+-------+-------+-------+-------++-------
Melee: Dagger            |     2 |     5 |       |       ||     7
       Rapier            |     2 |       |     8 |    18 ||    28
 Cast: Shock             |    94 |    85 |   176 |    77 ||   432
       Static Discharge  |     8 |     8 |    29 |    31 ||    76
       Sandblast         |       |       |     7 |       ||     7
       Airstrike         |       |       |    21 |    33 ||    54
       Swiftness         |       |       |     1 |     2 ||     3
       Stone Arrow       |       |       |     6 |     2 ||     8
       Lightning Bolt    |       |       |     1 |    41 ||    42
       Fireball          |       |       |       |     2 ||     2
  Use: Potion            |     1 |       |     4 |     3 ||     8
       Scroll            |       |    10 |     9 |     4 ||    23
Armor: Robe              |     2 |     1 |     1 |       ||     4
       Steam dragon scal |       |       |    17 |    21 ||    38
Dodge: Dodged            |    12 |     8 |    40 |    31 ||    91

Table legend: (Time is in decaauts)
 A = Elapsed time spent in this place.
 B = Non-inter-level travel time spent in this place.
 C = Inter-level travel time spent in this place.
 D = Time resting spent in this place.
 E = Time spent auto-exploring this place.
 F = Levels seen in this place.
 G = Mean time per level.
                   A        B        C        D        E       F      G
               +--------+--------+--------+--------+--------+-----+--------+
         Total |  14564 |  14295 |    269 |    898 |  10916 |  12 | 1213.7 |
       Dungeon |  13605 |  13349 |    256 |    393 |  10676 |  10 | 1360.5 |
        Temple |    195 |    182 |     13 |      0 |    161 |   1 |  195.0 |
        Bailey |    763 |    763 |      0 |    505 |     79 |   1 |  763.0 |
               +--------+--------+--------+--------+--------+-----+--------+

Top non-repeatable levels by time:
     D:1: 2074 daAuts
     D:3: 2072 daAuts
    D:10: 1673 daAuts
     D:9: 1552 daAuts
     D:7: 1326 daAuts
     D:8: 1150 daAuts
     D:6: 1033 daAuts
     D:2: 1008 daAuts
     D:4: 992 daAuts
  Bailey: 763 daAuts
     D:5: 722 daAuts
  Temple: 195 daAuts
